 Dungeon Crawl Stone Soup version 0.17-a0-776-gd86b262 (webtiles) character file.

15857 Pnognoglozu the Corrupter of Planes (level 12, -11/95 HPs)
             Began as a Demonspawn Abyssal Knight on Apr 23, 2015.
             Was the Champion of Lugonu.
             Mangled by a swamp worm (16 damage)
             ... on level 4 of the Lair of Beasts on Apr 24, 2015.
             The game lasted 01:23:54 (14234 turns).

Pnognoglozu the Corrupter of Planes (DsAK)         Turns: 14234, Time: 01:24:03

Health: -11/95     AC: 13    Str: 17    XL:     12   Next: 4%
Magic:  21/21      EV: 24    Int: 15    God:    Lugonu [******]
Gold:   519        SH:  0    Dex: 22    Spells: 0 memorised, 23 levels left

rFire  . . .     SeeInvis .     q - +1 scimitar (distort)
rCold  + . .     Clarity  .     R - +3 leather armour {rC+}
rNeg   . . .     SustAb   .     (no shield)
rPois  +         Gourm    .     (helmet restricted)
rElec  .         Spirit   .     W - +0 cloak
rCorr  .         Warding  .     B - +0 pair of gloves
rMut   .         Stasis   .     (no boots)
MR     .....                    z - amulet of regeneration
Stlth  ++++......               s - +2 ring of slaying
                                u - ring of stealth (curse)

@: mighty, agile, not resistant to hostile enchantments, stealthy
A: antennae 1, slimy green scales 3, powered by death 2, powered by pain 1
a: Depart the Abyss, Bend Space, Banish, Corrupt, Enter the Abyss, Renounce
Religion


You were on level 4 of the Lair of Beasts.
You worshipped Lugonu.
Lugonu was exalted by your worship.
You were hungry.

You visited 2 branches of the dungeon, and saw 12 of its levels.
You visited the Abyss 1 time.

You collected 519 gold pieces.

Inventory:

Hand weapons
 g - a +0 antimagic dagger
 q - a +1 scimitar of distortion (weapon)
Missiles
 a - 7 javelins
 l - 7 stones (quivered)
 n - 7 tomahawks
Armour
 B - a +0 pair of gloves (worn)
 R - a +3 leather armour of cold resistance (worn)
 W - a +0 cloak (worn)
Rods
 K - a +1 rod of shadows (10/10)
   (You found it on level 5 of the Dungeon)
Jewellery
 b - a +3 ring of evasion
 s - a +2 ring of slaying (right hand)
 u - a cursed ring of stealth (left hand)
 z - an amulet of regeneration (around neck)
 D - an uncursed ring of protection from fire
 F - an uncursed ring of see invisible
 G - an uncursed ring of protection from magic
 O - an uncursed amulet of resist corrosion
 T - an uncursed ring of invisibility
Magical devices
 p - a wand of confusion (0)
 x - a wand of confusion (26)
 M - a wand of cold (3)
Scrolls
 d - 6 scrolls of teleportation
 f - 3 scrolls of recharging
 i - 4 scrolls of blinking
 k - 2 scrolls of amnesia {unknown}
 r - a scroll of random uselessness {unknown}
 t - a scroll of identify
 w - 8 scrolls of remove curse
 A - 4 scrolls of fog
Potions
 e - 3 potions of haste
 j - 3 potions of berserk rage
 o - a potion of brilliance {unknown}
 v - a potion of might
 E - 2 potions of agility
 L - 2 potions of restore abilities
Books
 y - a book of Frost

   Spells                             Type                      Level
   a - Freeze                         Ice                          1
   b - Throw Frost                    Conjuration/Ice              2
   c - Ozocubu's Armour               Charms/Ice                   3
   d - Throw Icicle                   Conjuration/Ice              4
   e - Summon Ice Beast               Ice/Summoning                4
   f - Condensation Shield            Ice                          4
 C - a Young Poisoner's Handbook

   Spells                             Type                      Level
   a - Sting                          Conjuration/Poison           1
   b - Cure Poison                    Poison                       2
   c - Mephitic Cloud                 Conjuration/Poison/Air       3
   d - Olgreb's Toxic Radiance        Poison                       4
   e - Venom Bolt                     Conjuration/Poison           5
Comestibles
 c - 3 bread rations
 h - 4 fruits
 m - 8 meat rations
 H - 3 chunks of flesh


   Skills:
 + Level 9.0 Fighting
 + Level 7.8 Long Blades
 + Level 7.9 Armour
 + Level 7.6 Dodging
 + Level 6.3 Spellcasting
 + Level 11.0 Invocations


You had 23 spell levels left.
You didn't know any spells.

Dungeon Overview and Level Annotations

Branches:
Dungeon (8/15)             Temple (0/1) D:6            Lair (4/8) D:8
  Swamp: Lair:3-6    Shoals: Lair:3-6     Snake: Lair:3-6    Spider: Lair:3-6

Altars:
Dithmenos
Fedhas
Gozag
Kikubaaqudgha
Nemelex Xobeh
Okawaru
Trog

Annotations:
D:3 Grinder
Abyss:1 Fannar, Gastronok, Grum, Maud, Sigmund


Innate Abilities, Weirdness & Mutations

You have a pair of small antennae on your head.
You are completely covered in slimy green scales (AC +4, rPois).
You can steal the life force of defeated enemies.
You sometimes gain a little power by taking damage.


Message History

The swamp worm bites you. The swamp worm completely misses you.
The swamp worm bites you!
You closely miss the swamp worm.
The swamp worm is lightly wounded.
The swamp worm barely misses you. The swamp worm bites you!
You completely miss the swamp worm.
The swamp worm is lightly wounded.
The swamp worm bites you!
* * * LOW HITPOINT WARNING * * *
You focus on the pain.
You feel agile all of a sudden. The swamp worm misses you.
You completely miss the swamp worm.
The swamp worm is lightly wounded.
The swamp worm barely misses you. The swamp worm bites you!!
* * * LOW HITPOINT WARNING * * *
You focus on the pain.
You feel very mighty all of a sudden. The swamp worm bites you!
You die...

##.## #...## #..#
#....###
####P.####..#...#########
#..##................##.#
#.....♣♣♣♣♣♣♣♣..........#
..♣♣♣♣♣♣♣♣♣♣♣♣♣♣♣♣♣.....#
.♣♣ §♣≈≈≈≈{♣≈≈≈≈♣♣♣...##
.♣ §§§.....♣.......♣.(.#
.♣ ♣........@♣...♣...#
.♣♣ ♣≈≈≈≈≈♣≈w≈w♣♣♣....#
..♣♣ ♣♣♣♣♣♣♣♣♣♣♣♣...#.##
...#♣ ♣.......#..# ....#
..#.####..# ....### #
##.## ....#.# #..#
##...## ##.# #P...#
###..#


You could see 2 swamp worms.

Vanquished Creatures
  Urug (Lair:2)
  4 spiny frogs
  6 komodo dragons
  A fire drake (Lair:3)
  3 blink frogs (Lair:1)
  3 hippogriffs
  A hungry ghost (D:7)
  5 yaks
  3 wolves (D:8)
  Menkaure (D:5)
  4 water moccasins
  A phantom (D:6)
  A black bear (D:8)
  4 porcupines
  4 ice beasts
  2 centaurs
  4 crocodiles
  2 ogres
  A big kobold (D:6)
  13 giant frogs
  3 killer bees
  5 crimson imps
  4 orc priests
  3 jellies
  7 orc wizards
  6 hounds
  9 iguanas
  Natasha (thrice) (D:2)
  6 worker ants
  9 sheep
  2 hound skeletons
  Robin (D:3)
  4 gnolls
  27 river rats
  2 shadow imps (D:7)
  12 adders
  An adder skeleton (D:8)
  4 worms
  A giant gecko (D:4)
  30 orcs
  10 bats
  A bat skeleton (D:4)
  3 giant cockroaches
  26 goblins
  12 hobgoblins
  15 jackals
  3 ball pythons
  11 giant newts
  A giant spore (D:6)
  13 kobolds
  5 quokkas
  10 rats
  A ballistomycete (D:6)
314 creatures vanquished.

Vanquished Creatures (others)
  3 hydras
  The ghost of inmateoo the Skirmisher, an experienced VSNe of Makhleb (D:8)
  2 black mambas (Lair:4)
  3 komodo dragons
  3 yaks
  A wolf (D:8)
  A basilisk (Lair:3)
  2 phantoms
  2 ogres (D:6)
  2 crocodiles (Lair:2)
  A giant frog (D:8)
  4 killer bees (D:8)
  A crimson imp (D:7)
  A giant frog zombie (D:5)
  An orc priest (D:5)
  A giant frog skeleton (D:5)
  An orc wizard (D:4)
  A sheep (Lair:4)
  A gnoll (D:6)
  5 river rats
  3 fungi
40 creatures vanquished.

Grand Total: 354 creatures vanquished

Notes
Turn   | Place    | Note
--------------------------------------------------------------
     0 | Abyss:1  | Pnognoglozu, the Demonspawn Abyssal Knight, began the quest for the Orb.
     0 | Abyss:1  | Reached XP level 1. HP: 18/18 MP: 2/2
   103 | Abyss:1  | Noticed an ancient zyme
   128 | Abyss:1  | Noticed a smoke demon
   129 | D:1      | Escaped the Abyss
   182 | D:1      | Acquired Lugonu's first power
   240 | D:1      | Reached skill level 1 in Dodging
   240 | D:1      | Gained mutation: You are partially covered in slimy green scales (AC +2). [demonic ancestry]
   240 | D:1      | Reached XP level 2. HP: 6/24 MP: 4/4
   843 | D:2      | Noticed Natasha
   856 | D:2      | Killed Natasha
   856 | D:2      | Gained mutation: You can steal the life force of nearby defeated enemies. [demonic ancestry]
   856 | D:2      | Reached XP level 3. HP: 16/29 MP: 5/5
  1079 | D:2      | Noticed Natasha
  1092 | D:2      | Killed Natasha
  1151 | D:2      | Gained mutation: You can steal the life force of defeated enemies. [demonic ancestry]
  1151 | D:2      | Reached XP level 4. HP: 27/35 MP: 6/6
  1279 | D:2      | Acquired Lugonu's second power
  2104 | D:2      | Noticed Natasha
  2126 | D:2      | Killed Natasha
  2487 | D:3      | Gained mutation: You are mostly covered in slimy green scales (AC +3). [demonic ancestry]
  2487 | D:3      | Reached XP level 5. HP: 19/41 MP: 7/7
  2898 | D:3      | Noticed Sigmund
  3545 | D:4      | Acquired Lugonu's third power
  3612 | D:4      | Reached skill level 4 in Invocations
  3815 | D:4      | Gained mutation: You have a pair of small antennae on your head. [demonic ancestry]
  3815 | D:4      | Reached XP level 6. HP: 40/48 MP: 9/9
  4344 | D:4      | Found an ancient bone altar of Kikubaaqudgha.
  4733 | D:3      | Banished Sigmund
  4899 | D:3      | Noticed Robin
  4917 | D:3      | Killed Robin
  5074 | D:3      | Noticed Grinder
  5248 | D:4      | Reached skill level 5 in Invocations
  5248 | D:4      | Gained mutation: You sometimes gain a little power by taking damage. [demonic ancestry]
  5248 | D:4      | Reached XP level 7. HP: 53/55 MP: 10/10
  5257 | D:5      | Entered Level 5 of the Dungeon
  5290 | D:5      | Acquired Lugonu's fourth power
  5450 | D:5      | Noticed Menkaure
  5849 | D:5      | Identified a +1 rod of shadows (10/10) (You found it on level 5 of the Dungeon)
  6038 | D:5      | Killed Menkaure
  6134 | D:5      | Found a blossoming altar of Fedhas.
  6180 | D:5      | Reached skill level 5 in Fighting
  6220 | D:6      | Reached skill level 6 in Invocations
  6220 | D:6      | Gained mutation: You are completely covered in slimy green scales (AC +4, rPois). [demonic ancestry]
  6220 | D:6      | Reached XP level 8. HP: 60/62 MP: 12/12
  6256 | D:6      | Found a staircase to the Ecumenical Temple.
  6390 | D:6      | Reached skill level 1 in Spellcasting
  6691 | D:6      | Found a sparkling altar of Nemelex Xobeh.
  6691 | D:6      | Found a shadowy altar of Dithmenos.
  6863 | D:6      | Found a bloodstained altar of Trog.
  7021 | D:6      | Acquired Lugonu's fifth power
  7302 | D:7      | Found an opulent altar of Gozag.
  7428 | D:7      | Reached skill level 5 in Long Blades
  7428 | D:7      | Reached XP level 9. HP: 69/69 MP: 14/14
  7596 | D:7      | Reached skill level 5 in Armour
  7629 | D:7      | Reached skill level 7 in Invocations
  7763 | D:7      | Found an iron altar of Okawaru.
  8124 | D:7      | Reached skill level 5 in Dodging
  8606 | D:8      | Noticed Grum
  8630 | D:8      | Banished Grum
  8856 | D:8      | Found a staircase to the Lair.
  8859 | D:8      | Reached skill level 8 in Invocations
  9442 | D:8      | Noticed inmateoo's ghost (experienced VSNe)
  9444 | D:8      | Banished inmateoo's ghost
  9444 | D:8      | Reached XP level 10. HP: 71/77 MP: 16/16
  9653 | Lair:1   | Entered Level 1 of the Lair of Beasts
  9938 | Lair:1   | Reached skill level 9 in Invocations
 10197 | Lair:2   | Noticed Gastronok
 10225 | Lair:2   | Banished Gastronok
 10264 | Lair:2   | Noticed Fannar
 10295 | Lair:2   | Noticed Urug
 10305 | Lair:2   | Killed Urug
 10423 | Lair:2   | Noticed an eight-headed hydra
 10432 | Lair:2   | Banished an eight-headed hydra
 10432 | Lair:2   | Reached skill level 5 in Spellcasting
 10443 | Lair:2   | Reached XP level 11. HP: 86/86 MP: 14/18
 11176 | Lair:2   | Reached skill level 10 in Invocations
 11374 | Lair:2   | Banished Fannar
 12307 | Lair:3   | Noticed Maud
 12605 | Lair:3   | Found a runed door.
 12955 | Lair:3   | Banished Maud
 13093 | Lair:3   | Noticed a seven-headed hydra
 13096 | Lair:3   | Banished a seven-headed hydra
 13138 | Lair:3   | Upgraded the game from 0.17-a0-764-gd40c196 to 0.17-a0-776-gd86b262
 13161 | Lair:4   | Noticed a four-headed hydra
 13198 | Lair:4   | Banished a six-headed hydra
 14017 | Lair:4   | Reached skill level 11 in Invocations
 14017 | Lair:4   | Reached XP level 12. HP: 89/94 MP: 21/21
 14234 | Lair:4   | Mangled by a swamp worm

Action                   |  1- 3 |  4- 6 |  7- 9 | 10-12 || total
-------------------------+-------+-------+-------+-------++-------
Melee: Falchion          |   128 |   164 |       |       ||   292
       Scimitar          |       |   127 |   379 |   461 ||   967
Invok: Depart the Abyss  |     1 |       |       |       ||     1
       Banish            |       |     1 |     4 |     6 ||    11
Evoke: Wand              |       |     2 |     1 |       ||     3
       Rod               |       |       |     1 |       ||     1
  Use: Scroll            |       |     3 |     4 |     2 ||     9
 Stab: Sleeping          |       |     1 |       |     4 ||     5
       Distracted        |       |       |     1 |     1 ||     2
  Eat: Chunk             |     1 |    14 |    18 |    19 ||    52
       Fruit             |       |       |       |     2 ||     2
